Map: Ever Dream LE

Players

Couguar

  • Race: Protoss Protoss
  • League: Grandmaster
  • Spawn Location: 1:00

Geralt (Gerald) - Winner!

  • Race: Protoss Protoss
  • League: Grandmaster
  • Spawn Location: 7:00

Event: DreamHack SC2 Masters 2020 Fall

VOD

Have the link to the VOD?

Description

Time

  • Played on: Aug. 30, 2020, 12:18 p.m.
  • Length: 22:42

All games in this series

Show
View Real Time Build Order
Export as new Build Order

Couguar Protoss 

Build Orders:  

Get SALT Encoding   

  12  0:00  Probe  
  13  0:12  Probe  
  14  0:17  Pylon  
  14  0:25  Probe  
  15  0:35  Gateway  
  15  0:37  Probe (Chrono Boost)  
  16  0:43  Assimilator  
  16  0:47  Probe (Chrono Boost)  
  17  0:51  Assimilator  
  17  0:54  Probe  
  18  1:06  Probe (Chrono Boost)  
  18  1:10  Gateway  
  19  1:18  Probe (Chrono Boost)  
  20  1:26  Cybernetics Core  
  20  1:29  Probe  
  21  1:41  Pylon, Probe  
  22  1:53  Probe  
  23  2:02  Stalker  
  23  2:06  Probe  
  23  2:07  Warp Gate  
  26  2:16  Pylon  
  26  2:18  Probe  
  26  2:21  Stalker  
  29  2:30  Probe  
  29  2:43  Stalker  
  31  2:44  Probe  
  32  2:51  Stalker  
  32  2:56  Probe  
  35  3:10  Nexus  
  35  3:17  Shield Battery  
  35  3:18  Probe  
  36  3:25  Pylon  
  36  3:30  Probe  
  37  3:36  Twilight Council  
  37  3:43  Probe (Chrono Boost)  
  38  3:55  Probe (Chrono Boost)  
  39  3:56  Forge  
  39  3:57  Sentry  
  39  3:59  Sentry  
  39  4:02  Probe (Chrono Boost)  
  44  4:09  Probe  
  44  4:11  Blink (Chrono Boost)  
  45  4:21  Stalker  
  47  4:24  Stalker  
  47  4:31  Photon Cannon  
  50  4:40  Probe (Chrono Boost)  
  50  4:41  Probe (Chrono Boost)  
  51  4:48  Gateway  
  49  4:53  Stalker  
  49  4:56  Stalker  
  48  5:02  Probe x2 (Chrono Boost)  
  50  5:14  Probe x2 (Chrono Boost)  
  49  5:21  Protoss Ground Weapons Level 1 (Chrono Boost), Probe x2 (Chrono Boost)  
  49  5:27  Robotics Facility  
  49  5:28  Probe x2  
  51  5:29  Pylon  
  51  5:31  Sentry  
  51  5:32  Sentry  
  57  5:40  Probe x2  
  59  5:47  Gateway  
  59  5:48  Assimilator  
  59  5:51  Pylon  
  59  5:52  Probe  
  59  5:54  Gateway  
  60  5:59  Pylon  
  60  6:00  Sentry  
  60  6:01  Probe  
  63  6:11  Probe  
  64  6:15  Observer  
  64  6:16  Nexus  
  64  6:18  Probe  
  66  6:24  Probe, Pylon  
  67  6:27  Gateway  
  67  6:31  Gateway  
  67  6:40  Immortal  
  67  6:44  Probe x2  
  67  6:47  Stalker  
  75  6:50  Stalker  
  77  6:55  Stalker  
  77  6:59  Stalker  
  81  7:02  Shield Battery  
  81  7:03  Probe  
  81  7:08  Probe  
  83  7:11  Assimilator, Stalker  
  83  7:15  Probe  
  86  7:20  Immortal (Chrono Boost)  
  91  7:30  Probe x2  
  91  7:37  Stalker x3  
  91  7:42  Protoss Ground Weapons Level 2 (Chrono Boost), Stalker x2  
  101  7:45  Probe x2  
  101  7:49  Probe  
  104  7:57  Observer (Chrono Boost)  
  105  7:59  Photon Cannon  
  105  8:04  Assimilator  
  105  8:10  Robotics Facility  
  105  8:13  Photon Cannon, Probe  
  106  8:20  Assimilator  
  106  8:21  Photon Cannon  
  106  8:25  Probe  
  106  8:26  Robotics Bay  
  107  8:31  Stalker  
  109  8:36  Pylon  
  109  8:37  Pylon  
  109  8:39  Pylon  
  109  8:40  Pylon  
  109  8:54  Observer (Chrono Boost), Probe  
  109  8:55  Gateway  
  111  8:57  Dark Shrine  
  111  9:02  Observer (Chrono Boost), Gateway  
  112  9:06  Shield Battery  
  112  9:08  Gateway x2  
  112  9:12  Pylon  
  112  9:16  Pylon  
  112  9:20  Disruptor (Chrono Boost), Shield Battery  
  112  9:21  Disruptor (Chrono Boost)  
  118  9:28  Nexus  
  118  9:37  Stalker x3  
  123  9:51  Pylon  
  123  9:53  Disruptor x2 (Chrono Boost)  
  123  9:55  Stalker x3  
  123  9:57  Probe  
  123  9:58  Probe  
  123  9:59  Probe  
  138  10:03  Gravitic Boosters  
  138  10:09  Shadow Stride (Chrono Boost), Probe  
  138  10:10  Probe  
  138  10:13  Shield Battery, Probe (Chrono Boost)  
  141  10:15  Photon Cannon  
  141  10:22  Observer, Gateway  
  141  10:24  Probe (Chrono Boost)  
  144  10:29  Probe (Chrono Boost)  
  144  10:31  Disruptor  
  144  10:32  Photon Cannon  
  147  10:35  Pylon  
  147  10:37  Probe (Chrono Boost)  
  149  10:43  Probe x3 (Chrono Boost)  
  149  10:46  Observer  
  153  10:53  Photon Cannon, Probe x2 (Chrono Boost)  
  153  10:55  Assimilator  
  154  11:00  Assimilator  
  154  11:04  Photon Cannon  
  154  11:06  Disruptor, Photon Cannon  
  154  11:07  Disruptor  
  160  11:12  Dark Templar x4  
  160  11:15  Dark Templar  
  130  11:29  Stalker x5  
  125  11:41  Probe (Chrono Boost)  
  125  11:44  Stalker x2  
  125  11:45  Stalker  
  132  11:50  Observer  
  132  11:51  Probe (Chrono Boost)  
  120  11:56  Probe (Chrono Boost), Stalker  
  123  12:02  Pylon, Probe  
  123  12:07  Photon Cannon  
  123  12:08  Probe  
  125  12:12  Stalker x2  
  125  12:13  Stalker x3  
  135  12:17  Photon Cannon  
  135  12:19  Assimilator, Observer  
  135  12:20  Probe  
  136  12:30  Twilight Council  
  136  12:31  Disruptor (Chrono Boost)  
  136  12:32  Probe  
  136  12:34  Probe x3  
  143  12:43  Disruptor (Chrono Boost)  
  146  12:44  Probe  
  146  12:46  Probe x2  
  146  12:47  Probe  
  148  12:56  Probe  
  149  13:04  Disruptor (Chrono Boost)  
  152  13:07  Stalker x5  
  152  13:09  Nexus  
  152  13:10  Disruptor (Chrono Boost)  
  152  13:11  Pylon  
  155  13:33  Disruptor  
  154  13:34  Probe  
  154  13:35  Protoss Ground Weapons Level 3  
  154  13:37  Charge  
  154  13:41  Dark Templar  
  157  13:43  Photon Cannon  
  157  13:45  Photon Cannon  
  157  13:46  Probe  
  157  13:47  Photon Cannon  
  157  13:48  Shield Battery, Pylon  
  158  13:51  Pylon  
  158  13:58  Probe  
  158  14:00  Dark Templar x2  
  158  14:01  Dark Templar  
  140  14:22  Dark Templar  
  140  14:23  Dark Templar x3  
  146  14:24  Zealot  
  146  14:28  Probe  
  147  14:32  Probe  
  147  14:33  Probe x3  
  147  14:36  Stalker x2  
  147  14:37  Unknown  
  155  14:40  Probe  
  155  14:41  Observer  
  155  14:45  Probe x2  
  158  14:47  Stargate  
  158  14:49  Pylon  
  158  14:50  Pylon  
  158  14:52  Pylon, Probe  
  159  14:53  Photon Cannon  
  159  14:56  Zealot x6  
  171  15:02  Gateway  
  171  15:03  Gateway  
  171  15:04  Probe  
  171  15:05  Gateway  
  164  15:10  Dark Templar x2  
  168  15:16  Probe  
  165  15:23  Dark Templar x6  
  177  15:33  Probe  
  176  15:37  Oracle  
  176  15:40  Stargate  
  179  15:43  Stalker x2  
  179  15:45  Probe  
  179  15:47  Pylon  
  178  15:53  Observer  
  156  16:04  Stalker x4  
  156  16:08  Stalker x4  
  156  16:09  Stalker x3  
  178  16:16  Disruptor x2 (Chrono Boost)  
  178  16:20  Photon Cannon  
  178  16:22  Photon Cannon  
  178  16:25  Photon Cannon  
  184  16:33  Zealot  
  169  16:42  Stalker x5  
  169  16:43  Stalker x5  
  169  16:45  Disruptor x2  
  180  17:05  Dark Templar  
  180  17:06  Zealot x5  
  180  17:07  Zealot x4  
  199  17:15  Nexus  
  199  17:16  Pylon  
  199  17:20  Pylon  
  199  17:21  Observer  
  199  17:34  Zealot  
  186  17:42  Disruptor  
  186  17:43  Disruptor  
  188  17:44  Zealot  
  188  17:45  Zealot x4  
  198  17:51  Photon Cannon  
  198  17:53  Zealot, Photon Cannon  
  198  17:54  Photon Cannon  
  200  18:07  Unknown  
  200  18:16  Assimilator  
  200  18:21  Assimilator  
  200  18:24  Pylon  
  200  18:25  Pylon  
  190  18:27  Pylon  
  188  18:34  Stalker x7  
  188  18:39  Protoss Ground Armor Level 1 (Chrono Boost)  
  200  18:49  Photon Cannon  
  200  18:53  Photon Cannon  
  156  19:25  Stalker x4  
  156  19:27  Stalker x7  
  171  19:32  Gateway  
  171  19:33  Gateway  
  171  19:34  Fleet Beacon  
  171  19:35  Gateway  
  171  19:37  Gateway  
  145  19:41  Stargate  
  145  19:42  Observer  
  144  19:49  Observer  
  144  19:51  Dark Templar x11  
  167  19:58  Pylon  
  167  20:03  Observer  
  161  20:20  Tempest x2 (Chrono Boost)  
  171  20:24  Tempest (Chrono Boost)  
  176  20:31  Zealot x11  
  176  20:32  Zealot  
  173  20:47  Stalker x3  
  178  20:53  Tempest x2  
  184  20:57  Tempest  
  162  21:18  Stalker x4  
  162  21:19  Stalker x6  
  162  21:20  Stalker  
  173  21:33  Observer  
  173  21:36  Tempest x2  
  184  21:40  Tempest  
  184  21:44  Zealot x3  
  184  21:45  Zealot x2  
  199  21:53  Observer  
  180  22:06  Zealot x3  
  180  22:07  Zealot x2  
  178  22:15  Archon x3  
  144  22:16  Archon  
Show
View Real Time Build Order
Export as new Build Order

Geralt Protoss - Winner!

Build Orders: Oracle Opening, Carriers 

Get SALT Encoding   

  12  0:00  Probe  
  13  0:12  Probe  
  14  0:17  Pylon  
  14  0:24  Probe (Chrono Boost)  
  16  0:37  Gateway, Probe (Chrono Boost)  
  16  0:42  Probe (Chrono Boost)  
  16  0:45  Assimilator  
  17  0:52  Probe (Chrono Boost)  
  17  0:53  Assimilator  
  18  1:04  Probe (Chrono Boost)  
  19  1:07  Gateway  
  19  1:13  Probe (Chrono Boost)  
  19  1:18  Probe  
  20  1:24  Cybernetics Core  
  21  1:30  Probe  
  22  1:36  Pylon  
  22  1:42  Probe  
  23  1:54  Probe  
  23  2:00  Stalker x2  
  28  2:07  Warp Gate, Probe  
  29  2:14  Shield Battery  
  29  2:18  Pylon  
  29  2:19  Probe  
  30  2:30  Pylon  
  30  2:38  Stargate  
  30  2:48  Stalker x2  
  33  2:51  Probe  
  34  3:04  Probe  
  35  3:17  Nexus  
  37  3:34  Oracle (Chrono Boost)  
  37  3:38  Pylon  
  37  3:41  Probe  
  37  3:47  Shield Battery  
  38  3:53  Probe  
  39  4:00  Twilight Council  
  39  4:05  Forge  
  39  4:06  Adept  
  39  4:09  Adept  
  43  4:12  Probe  
  44  4:24  Probe  
  44  4:29  Probe  
  46  4:32  Protoss Ground Weapons Level 1 (Chrono Boost)  
  46  4:36  Probe  
  47  4:41  Probe  
  48  4:48  Probe  
  49  4:55  Blink  
  47  5:03  Probe (Chrono Boost)  
  47  5:04  Stalker x2  
  47  5:05  Probe (Chrono Boost)  
  50  5:15  Probe (Chrono Boost)  
  50  5:20  Probe (Chrono Boost)  
  51  5:21  Probe (Chrono Boost)  
  51  5:26  Assimilator  
  51  5:27  Probe  
  53  5:28  Gateway  
  53  5:30  Gateway, Stalker x2  
  53  5:34  Probe  
  58  5:42  Pylon  
  56  5:45  Robotics Facility  
  56  5:46  Probe  
  57  5:56  Gateway x2  
  56  5:58  Stalker  
  56  6:00  Stalker  
  60  6:07  Pylon  
  60  6:24  Stalker  
  60  6:25  Stalker x3  
  69  6:33  Observer  
  69  6:34  Nexus  
  69  6:38  Probe, Pylon  
  70  6:48  Probe  
  72  6:54  Observer  
  72  6:55  Probe  
  72  6:58  Photon Cannon  
  73  7:02  Probe  
  73  7:07  Stalker x3, Probe  
  81  7:10  Pylon  
  81  7:14  Probe  
  82  7:16  Assimilator  
  82  7:19  Shield Battery  
  82  7:20  Observer  
  82  7:25  Warp Prism, Probe (Chrono Boost)  
  82  7:27  Probe (Chrono Boost)  
  87  7:39  Probe (Chrono Boost)  
  87  7:42  Probe (Chrono Boost)  
  88  7:46  Probe (Chrono Boost)  
  88  7:48  Probe (Chrono Boost)  
  88  7:49  Probe (Chrono Boost)  
  91  7:53  Observer, Probe  
  91  7:58  Protoss Ground Weapons Level 2 (Chrono Boost), Robotics Bay, Probe  
  93  7:59  Photon Cannon  
  93  8:00  Probe  
  93  8:01  Robotics Facility  
  93  8:03  Assimilator  
  94  8:05  Probe  
  94  8:07  Assimilator  
  94  8:10  Probe  
  94  8:11  Pylon  
  96  8:13  Probe  
  96  8:19  Probe  
  98  8:23  Pylon  
  98  8:25  Pylon  
  98  8:31  Photon Cannon  
  98  8:36  Stalker x3  
  98  8:37  Stalker x2  
  108  8:43  Dark Shrine  
  108  8:45  Disruptor (Chrono Boost)  
  108  8:46  Disruptor (Chrono Boost)  
  114  8:58  Gravitic Boosters (Chrono Boost)  
  114  9:00  Observer  
  114  9:07  Observer  
  114  9:08  Nexus  
  114  9:09  Observer  
  114  9:10  Pylon  
  114  9:22  Stalker x5  
  123  9:35  Disruptor x2 (Chrono Boost)  
  123  9:38  Observer  
  125  9:49  Probe x2  
  125  9:52  Charge (Chrono Boost)  
  127  9:53  Probe  
  128  10:04  Stalker x6  
  128  10:05  Probe  
  141  10:12  Unknown  
  141  10:17  Photon Cannon  
  141  10:18  Shield Battery  
  141  10:19  Disruptor, Probe, Photon Cannon  
  141  10:20  Gateway  
  145  10:21  Gateway  
  145  10:22  Pylon x2, Probe  
  146  10:29  Probe  
  146  10:32  Dark Templar x3  
  146  10:34  Dark Templar  
  155  10:46  Probe  
  155  10:47  Probe, Photon Cannon  
  155  10:49  Disruptor  
  160  10:54  Disruptor  
  162  11:10  Dark Templar x3  
  162  11:24  Disruptor (Chrono Boost)  
  152  11:28  Probe  
  149  11:33  Zealot  
  149  11:34  Zealot x4  
  149  11:36  Probe x2  
  161  11:40  Gateway  
  161  11:43  Gateway  
  161  11:45  Pylon  
  161  11:46  Pylon  
  156  11:48  Disruptor (Chrono Boost)  
  156  11:53  Disruptor (Chrono Boost)  
  133  11:57  Probe  
  129  12:01  Stalker  
  129  12:02  Stalker x7  
  129  12:05  Probe x3  
  129  12:06  Photon Cannon  
  129  12:07  Shadow Stride (Chrono Boost)  
  148  12:08  Protoss Ground Weapons Level 3 (Chrono Boost)  
  148  12:16  Nexus  
  148  12:18  Observer (Chrono Boost)  
  148  12:20  Pylon  
  149  12:24  Observer (Chrono Boost)  
  149  12:25  Photon Cannon  
  149  12:27  Shield Battery  
  149  12:29  Pylon  
  150  12:45  Zealot x10  
  170  13:04  Pylon  
  170  13:07  Stalker  
  170  13:08  Stalker x9  
  190  13:27  Nexus, Pylon  
  190  13:36  Disruptor x2, Pylon  
  190  13:39  Assimilator  
  196  13:43  Assimilator  
  196  13:46  Dark Templar  
  196  13:47  Dark Templar  
  196  14:14  Disruptor x2  
  195  14:22  Observer  
  182  14:36  Probe  
  182  14:37  Photon Cannon  
  171  14:39  Dark Templar x10  
  171  14:40  Photon Cannon  
  171  14:41  Photon Cannon  
  171  14:42  Shield Battery  
  171  14:44  Photon Cannon  
  191  14:46  Photon Cannon  
  191  14:47  Shield Battery  
  191  14:49  Photon Cannon  
  191  14:50  Disruptor x2  
  197  15:20  Observer  
  195  15:26  Disruptor  
  198  15:33  Stargate, Observer  
  199  15:36  Observer  
  199  15:37  Stargate  
  199  15:44  Stargate  
  197  15:55  Protoss Shields Level 1  
  141  16:23  Fleet Beacon, Nexus  
  141  16:24  Pylon  
  141  16:25  Zealot x10  
  161  16:26  Assimilator  
  161  16:29  Protoss Air Weapons Level 1 (Chrono Boost)  
  158  16:40  Oracle  
  158  16:45  Observer x2  
  157  17:06  Dark Templar  
  157  17:07  Dark Templar x9  
  177  17:10  Tempest x3  
  146  17:50  Carrier x2 (Chrono Boost)  
  146  17:51  Carrier (Chrono Boost)  
  152  17:52  Carrier (Chrono Boost)  
  170  18:03  Assimilator, Nexus, Pylon  
  168  18:10  Assimilator  
  168  18:14  Mothership (Chrono Boost)  
  176  18:20  Zealot, Observer  
  176  18:21  Zealot x6  
  176  18:24  Protoss Air Weapons Level 2  
  176  18:26  Disruptor x2  
  171  18:37  Photon Cannon  
  171  18:39  Photon Cannon  
  171  18:41  Photon Cannon  
  171  18:44  Shield Battery  
  171  18:45  Shield Battery  
  171  18:47  Shield Battery  
  171  18:49  Shield Battery  
  171  18:51  Photon Cannon  
  171  18:54  Pylon  
  171  19:02  Disruptor x2  
  174  19:09  Zealot  
  176  19:10  Zealot x9  
  181  19:21  Carrier (Chrono Boost)  
  184  19:31  Carrier (Chrono Boost)  
  180  19:34  Probe x2  
  180  19:37  Disruptor  
  180  19:38  Disruptor  
  188  19:48  Probe x3  
  188  19:51  Carrier (Chrono Boost)  
  191  20:09  Dark Templar x3  
  191  20:13  Disruptor  
  197  20:17  Disruptor  
  197  20:23  Pylon  
  197  20:38  Nexus  
  197  20:41  Pylon  
  189  20:44  Assimilator  
  189  20:49  Assimilator  
  189  20:58  Disruptor  
  190  21:13  Carrier  

Tags
 
Add a new tag
Caveats
  • Supply blocks, unpowered buildings, or Contaminate may cause inaccurate times.
  • Supply counts are checked every 10 seconds.